 Dungeon Crawl Stone Soup version 0.17-a0-119-g2b06fc5 (webtiles) character file.

177 Kaesh the Skirmisher (level 5, -1/69 HPs)
             Began as a Centaur Berserker on Mar 21, 2015.
             Was a Priest of Trog.
             Slain by a kobold
             ... wielding a +0 short sword
              (3 damage)
             ... on level 3 of the Dungeon.
             The game lasted 00:06:21 (2349 turns).

Kaesh the Skirmisher (Centaur Berserker)            Turns: 2349, Time: 00:06:21

Health: -1/69      AC:  4    Str: 26    XL:     5   Next: 31%
Magic:  4/4        EV: 10    Int:  4    God:    Trog [***...]
Gold:   160        SH:  0    Dex:  8    Spells: 0 memorised, 4 levels left

rFire  . . .     SeeInvis .     a - +0 mace
rCold  . . .     Clarity  .     b - +0 animal skin
rNeg   . . .     SustAb   .     (no shield)
rPois  .         Gourm    .     (no helmet)
rElec  .         Spirit   .     (no cloak)
rCorr  .         Warding  .     (no gloves)
rMut   .         Stasis   .     (no barding)
MR     .....                    (no amulet)
Stlth  ..........               (no ring)
                                d - -2 ring of intelligence (curse)

@: berserking, very quick, not resistant to hostile enchantments, extremely
unstealthy
A: hooves 3, deformed body, speed 2, tough skin 3
a: Burn Spellbooks, Berserk, Trog's Hand, Renounce Religion


You were on level 3 of the Dungeon.
You worshipped Trog.
Trog was most pleased with you.
You were hungry.

You visited 1 branch of the dungeon, and saw 3 of its levels.

You collected 160 gold pieces.

Inventory:

Hand weapons
 a - a +0 mace (weapon)
Armour
 b - a +0 animal skin (worn)
Jewellery
 d - a cursed -2 ring of intelligence (left hand)
 m - an uncursed amulet of stasis
Magical devices
 o - a wand of confusion (18)
Scrolls
 e - 2 scrolls of fear {unknown}
 g - 3 scrolls of immolation {unknown}
 h - 3 scrolls of identify {unknown}
 i - 2 scrolls of remove curse {unknown}
 n - a scroll of teleportation {unknown}
Potions
 j - a potion of heal wounds {unknown}
 k - a potion of haste {unknown}
 l - a potion of flight {unknown}
Comestibles
 c - 3 bread rations
 f - a slice of pizza


   Skills:
 + Level 4.0 Fighting
 + Level 3.5 Maces & Flails
 + Level 2.5 Armour
 + Level 2.2 Dodging


You had 4 spell levels left.
You didn't know any spells.

Dungeon Overview and Level Annotations

Branches:
Dungeon (3/15)

Altars:
Ashenzari
Okawaru


Innate Abilities, Weirdness & Mutations

You have hooves in place of feet.
Armour fits poorly on your strangely shaped body.
You cover ground very quickly.
You have extremely tough skin (AC +3).


Message History

The phantom is moderately damaged.
The phantom closely misses you.
You sock the phantom!! Your kick misses the phantom.
The phantom is almost destroyed.
The phantom hits you.
* * * LOW HITPOINT WARNING * * *
You barely miss the phantom. You kick the phantom!
You feel the power of Trog in you as your rage grows.
You destroy the phantom!
Your Dodging skill increases to level 2!
You have reached level 5!
The kobold misses you.
An adder comes into view.
You sock the kobold!!
You kill the kobold!
Trog accepts your kill.
Your Fighting skill increases to level 4!
The kobold barely misses you.
You closely miss the kobold. The kobold hits you with a short sword.
You die...

... .♣.♣.♣...........
..#..♣.♣.♣.♣.(........
.....♣.♣._.♣.♣...<.....
......♣.♣.♣.♣.....#####
.......♣.♣.♣..........)
#.....♣.♣.......#####
..###.#.(.♣...#....#
#..S..!KK...........#
.#####)@?######......
#.....# #.......
#..(#..# #.)..#.#
##.###.# #....#.. ###
.# ###### . #


You could see an adder and 2 kobolds.

Vanquished Creatures
  A phantom (D:3)
  An adder (D:2)
  A worm (D:2)
  4 giant geckos
  A ball python (D:1)
  6 giant cockroaches
  7 hobgoblins
  A quokka (D:2)
  11 bats
  5 giant newts
  9 goblins
  9 kobolds
  15 rats
71 creatures vanquished.

Notes
Turn   | Place    | Note
--------------------------------------------------------------
     0 | D:1      | Kaesh, the Centaur Berserker, began the quest for the Orb.
     0 | D:1      | Reached XP level 1. HP: 19/19 MP: 1/1
   109 | D:1      | Reached XP level 2. HP: 21/26 MP: 2/2
   287 | D:1      | Acquired Trog's second power
   611 | D:1      | Reached XP level 3. HP: 26/31 MP: 3/3
  1600 | D:2      | Reached XP level 4. HP: 34/38 MP: 3/3
  2025 | D:3      | Found a shattered altar of Ashenzari.
  2152 | D:3      | Noticed a phantom
  2331 | D:3      | Found an iron altar of Okawaru.
  2346 | D:3      | HP: 2/58 [phantom (4)]
  2347 | D:3      | Killed a phantom
  2347 | D:3      | Reached XP level 5. HP: 2/46 MP: 4/4
  2348 | D:3      | Reached skill level 4 in Fighting
  2349 | D:3      | Slain by a kobold

Action                   |  1- 3 |  4- 6 || total
-------------------------+-------+-------++-------
Melee: Mace              |   122 |    53 ||   175
Invok: Berserk           |       |     1 ||     1
  Eat: Chunk             |     1 |     2 ||     3
